 Dungeon Crawl Stone Soup version 0.22-a0-299-g43f9854 (webtiles) character file.

41449 grizmgrazm2 the Black Sun (level 13, 0/106 HPs)
             Began as a Demonspawn Necromancer on Mar 25, 2018.
             Was a High Priest of Kikubaaqudgha.
             Succumbed to a spiny frog's poison
             ... on level 6 of the Lair of Beasts.
             The game lasted 01:54:01 (27014 turns).

grizmgrazm2 the Black Sun (Demonspawn Necromancer) Turns: 27014, Time: 01:54:02

Health: 0/106      AC: 14    Str: 12    XL:     13   Next: 80%
Magic:  16/26      EV: 12    Int: 19    God:    Kikubaaqudgha [*****.]
Gold:   1251       SH:  0    Dex: 15    Spells: 9/30 levels left

rFire    + + .     SeeInvis .   k - +1 spear (venom)
rCold    + + .     Gourm    .   (no shield)
rNeg     . . .     Faith    .   f - +0 fire dragon scales
rPois    .         Spirit   +   n - +1 helmet of the Prince of Darkness {rC++ Slay+3 Stlth+}
rElec    .         Reflect  .   q - scarf {Spirit}
rCorr    +         Harm     .   (no gloves)
MR       .....                  (no boots)
Stlth    +.........             h - amulet of magic regeneration
HPRegen  0.27/turn              r - ring of Uthruv {rF+ Int+2}
MPRegen  0.45/turn              p - ring of ice

@: lethally poisoned (0 -> -16)
A: claws 2, yellow scales 3, powered by pain 2, rot immunity
a: Receive Corpses, Torment, Renounce Religion


You were on level 6 of the Lair of Beasts.
You worshipped Kikubaaqudgha.
Kikubaaqudgha was extremely pleased with you.
You were not hungry.

You visited 3 branches of the dungeon, and saw 19 of its levels.
You also visited: Ossuary and Volcano.

You collected 1251 gold pieces.

Inventory:

Hand Weapons
 g - a +0 trident of flaming
 k - a +1 spear of venom (weapon)
 o - a +2 dagger of distortion
 v - a +0 trident of freezing
Missiles
 i - a throwing net (quivered)
Armour
 a - a +2 helmet
 f - +0 fire dragon scales (worn)
 n - the +1 helmet of the Prince of Darkness (worn) {rC++ Slay+3 Stlth+}
   (You found it on level 3 of the Lair of Beasts)

   It affects your accuracy and damage with ranged weapons and melee attacks
   (+3).
   It greatly protects you from cold.
   It makes you more stealthy.
 q - a scarf of spirit shield (worn)
Jewellery
 d - an uncursed ring of fire
 h - an amulet of magic regeneration (around neck)
 p - a ring of ice (right claw)
 r - the ring of Uthruv (left claw) {rF+ Int+2}
   (You took it off an orc on level 8 of the Dungeon)

   [ring of protection from fire]

   It affects your intelligence (+2).
   It protects you from fire.
 y - an uncursed ring of stealth
Wands
 t - a wand of disintegration (5)
 z - a wand of random effects (30)
 C - a wand of enslavement (29)
 D - a wand of digging (11)
Scrolls
 b - a scroll of amnesia
 s - 7 scrolls of identify
 x - 2 scrolls of teleportation
 B - 2 scrolls of remove curse
Potions
 e - 4 potions of brilliance
 j - 4 potions of flight
 m - a potion of agility
Comestibles
 c - 6 rations
 l - 3 chunks of flesh


   Skills:
 + Level 11.4 Fighting
 + Level 10.2 Polearms
 + Level 9.1 Dodging
 - Level 1.7 Stealth
 + Level 9.2 Spellcasting
 * Level 13.7 Necromancy


You had 9 spell levels left.
You knew the following spells:

 Your Spells              Type           Power        Failure   Level  Hunger
a - Pain                  Necr           ####         1%          1    None
b - Vampiric Draining     Necr           ######....   1%          3    None
c - Corpse Rot            Necr           N/A          1%          2    None
d - Animate Skeleton      Necr           N/A          1%          1    None
e - Dispel Undead         Necr           ######..     6%          5    #####..
f - Agony                 Necr           ######..     6%          5    #####..
g - Animate Dead          Necr           N/A          2%          4    ###....


Dungeon Overview and Level Annotations

Branches:
Dungeon (12/15)            Temple (1/1) D:4            Lair (6/6) D:11
  Swamp (0/4) Lair:3       Spider (0/4) Lair:3        Slime (0/5) Lair:6
    Orc (0/2) D:9

Altars:
Cheibriados
Dithmenos
Elyvilon
Kikubaaqudgha
Nemelex Xobeh
Okawaru
Qazlal
Ru
Vehumet
Wu Jian
Xom
Jiyva

Annotations:
Lair:5 exclusion: 2 oklob plants


Innate Abilities, Weirdness & Mutations

You have very sharp fingernails.
You are completely covered in yellow scales. (AC +4, rCorr)
You sometimes gain power by taking damage.
You are immune to rotting.


Message History

You feel sick. The spiny frog barely misses you.
Your fire dragon scales prevents you from hitting the spiny frog.
The spiny frog is heavily wounded.
You feel sick. The spiny frog barely misses you.
You hit the spiny frog.
The spiny frog is poisoned.
The spiny frog is severely wounded.
You feel sick.
You puncture the spiny frog!
The spiny frog is almost dead.
You feel sick. The spiny frog stings you!
* * * LOW HITPOINT WARNING * * *
Okay, then.
You hit the spiny frog.
The spiny frog is almost dead.
* * * LOW HITPOINT WARNING * * *
You feel sick. The spiny frog stings you!!
* * * LOW HITPOINT WARNING * * *
You focus on the pain.
You feel your power returning.
You die...
Kikubaaqudgha rasps: "You have failed me!
Welcome... death!"

###############
#...........#.#
##..........P.##
##............#
##...........P##
#..........>.##
##........._.# ..
#P..........# ♣.F
##.@.........###
≈...#####F#.........P.P####
♣....#.................#P##
♣.........................
.♣.........................
≈≈.......P..................
..♣.....P..................<
≈ ♣...#.###.........####....
♣..#### #...<....## #....


You could see a spiny frog.

Vanquished Creatures
  Rupert (Lair:5)
  Gastronok (Lair:1)
  Snorg (Lair:3)
  A catoblepas (Lair:4)
  5 hydras
  A two-headed ogre (D:8)
  3 death yaks
  Sonja (Lair:3)
  A lindwurm (Lair:2)
  An ugly thing (D:12)
  A toenail golem (Volcano)
  4 black mambas
  2 molten gargoyles (Volcano)
  8 spiny frogs
  7 komodo dragons
  A troll (D:10)
  Grinder (D:4)
  2 hornets (D:8)
  14 blink frogs
  5 dream sheep (Lair:4)
  A slime creature (D:12)
  10 hippogriffs
  Sigmund (D:4)
  A shadow (D:12)
  A fire elemental (Volcano)
  28 yaks
  3 basilisks
  A steam dragon (Lair:5)
  5 vampire mosquitoes
  A warg (D:9)
  4 swamp worms
  25 water moccasins
  10 porcupines
  8 orc warriors
  A sky beast (D:5)
  An eye of draining (D:8)
  An ice beast (D:9)
  4 phantoms
  4 ogres
  A centaur (D:6)
  5 wolves (Lair:6)
  14 crocodiles
  2 big kobolds
  12 bullfrogs
  3 earth elementals (Volcano)
  3 water moccasin zombies (Ossuary)
  5 scorpions
  3 killer bees (D:10)
  4 howler monkeys
  3 crimson imps
  8 orc priests
  2 quasits
  A centaur zombie (D:6)
  A jelly (D:8)
  5 hounds
  2 bullfrog skeletons
  9 orc wizards
  A centaur skeleton (D:4)
  7 worker ants
  2 iguanas
  3 big kobold zombies (Ossuary)
  3 mummies
  A howler monkey skeleton (D:7)
  17 adders
  4 gnolls
  5 shadow imps
  An ooze (D:2)
  4 adder zombies (Ossuary)
  16 worms
  3 dart slugs (D:1)
  9 leopard geckos
  46 orcs
  7 giant cockroaches
  3 gnoll zombies (Ossuary)
  12 goblins
  6 hobgoblins
  13 jackals
  4 quokkas
  A ball python (D:1)
  A ball python skeleton (D:5)
  12 bats
  3 frilled lizards
  A goblin zombie (D:5)
  6 hobgoblin zombies (Ossuary)
  2 jackal skeletons
  19 kobolds
  3 kobold zombies
  4 orc zombies (Ossuary)
  A quokka skeleton (D:5)
  7 rats
  A fungus (Lair:4)
482 creatures vanquished.

Vanquished Creatures (collateral kills)
  A lindwurm (Volcano)
1 creature vanquished.

Vanquished Creatures (others)
  A kobold zombie (Ossuary)
  A fire vortex (Volcano)
  5 fungi
  13 plants
20 creatures vanquished.

Grand Total: 503 creatures vanquished

Notes
Turn   | Place    | Note
-------+----------+-------------------------------------------
     0 | D:1      | grizmgrazm2 the Demonspawn Necromancer began the quest for the Orb.
     0 | D:1      | Reached XP level 1. HP: 13/13 MP: 3/3
   252 | D:1      | Gained mutation: You have sharp fingernails. [demonic ancestry]
   252 | D:1      | Reached XP level 2. HP: 5/20 MP: 0/5
   525 | D:1      | Reached skill level 1 in Fighting
   864 | D:1      | Gained mutation: You sometimes gain a little power by taking damage. [demonic ancestry]
   864 | D:1      | Reached XP level 3. HP: 17/27 MP: 2/6
  1709 | D:2      | Reached XP level 4. HP: 16/33 MP: 5/7
  2126 | D:2      | Reached skill level 1 in Polearms
  2215 | D:2      | Learned a level 3 spell: Vampiric Draining
  2927 | D:3      | Found a white marble altar of Elyvilon.
  2974 | D:3      | Gained mutation: You are partially covered in yellow scales. (AC +2) [demonic ancestry]
  2974 | D:3      | Reached XP level 5. HP: 36/39 MP: 3/8
  3592 | D:4      | Noticed Sigmund
  3594 | D:4      | Noticed an ogre
  3640 | D:4      | Killed Sigmund
  3640 | D:4      | Reached skill level 5 in Necromancy
  3640 | D:4      | Gained mutation: You are mostly covered in yellow scales. (AC +3) [demonic ancestry]
  3640 | D:4      | Reached XP level 6. HP: 16/47 MP: 4/10
  4264 | D:4      | Gained mutation: You are completely covered in yellow scales. (AC +4, rCorr) [demonic ancestry]
  4264 | D:4      | Reached XP level 7. HP: 47/54 MP: 5/11
  4692 | D:4      | Noticed Grinder
  4714 | D:5      | Entered Level 5 of the Dungeon
  4869 | D:5      | Found a sand-covered staircase.
  4873 | Ossuary  | Entered an ossuary
  5558 | Ossuary  | Reached skill level 5 in Fighting
  5558 | Ossuary  | Gained mutation: You sometimes gain power by taking damage. [demonic ancestry]
  5558 | Ossuary  | Reached XP level 8. HP: 23/62 MP: 13/13
  5962 | D:5      | Reached skill level 6 in Necromancy
  6476 | D:4      | Killed Grinder
  6538 | D:4      | Found a staircase to the Ecumenical Temple.
  6544 | Temple   | Entered the Ecumenical Temple
  6556 | Temple   | Became a worshipper of Kikubaaqudgha
  6794 | D:4      | Identified a scroll of acquirement
  7037 | D:6      | Reached skill level 5 in Polearms
  7249 | D:6      | Found a sacrificial altar of Ru.
  7382 | D:6      | Reached * piety under Kikubaaqudgha
  7382 | D:6      | Identified Kikubaaqudgha's Handbook of Sinister Magic (Kikubaaqudgha gifted it to you on level 6 of the Dungeon)
  7382 | D:6      | Received a gift from Kikubaaqudgha
  7382 | D:6      | Reached XP level 9. HP: 65/69 MP: 7/15
  7478 | D:6      | Learned a level 1 spell: Animate Skeleton
  7481 | D:6      | Learned a level 2 spell: Corpse Rot
  8445 | D:6      | Reached skill level 7 in Necromancy
  8643 | D:7      | Reached skill level 5 in Spellcasting
  9381 | D:7      | Reached ** piety under Kikubaaqudgha
  9537 | D:8      | Reached skill level 5 in Dodging
  9645 | D:8      | Noticed a two-headed ogre
  9652 | D:8      | Killed a two-headed ogre
  9652 | D:8      | Reached XP level 10. HP: 68/80 MP: 6/18
 10215 | D:8      | Paralysed by a hornet for 1 turns
 10530 | D:8      | Got a faintly glowing bronze ring
 10945 | D:9      | Identified the ring of Uthruv {rF+ Int+2} (You took it off an orc on level 8 of the Dungeon)
 10987 | D:9      | Found a staircase to the Orcish Mines.
 11033 | D:9      | Reached *** piety under Kikubaaqudgha
 11033 | D:9      | Identified Kikubaaqudgha's Incunabulum of Sinister Magic (Kikubaaqudgha gifted it to you on level 9 of the Dungeon)
 11033 | D:9      | Received a gift from Kikubaaqudgha
 11258 | D:9      | Learned a level 5 spell: Dispel Undead
 11264 | D:9      | Learned a level 5 spell: Agony
 11393 | D:9      | Reached skill level 8 in Necromancy
 11994 | D:9      | Found an iron altar of Okawaru.
 12110 | D:10     | Entered Level 10 of the Dungeon
 12599 | D:10     | You fall through a shaft for 2 floors!
 12599 | D:12     | Noticed a death knight
 12606 | D:12     | Found a labyrinth entrance.
 13029 | D:12     | Noticed a green ugly thing
 13034 | D:12     | Noticed a white ugly thing
 13052 | D:12     | Killed a white ugly thing
 13052 | D:12     | Reached skill level 9 in Necromancy
 13052 | D:12     | Gained mutation: You are immune to rotting. [demonic ancestry]
 13052 | D:12     | Reached XP level 11. HP: 21/89 MP: 4/20
 13625 | D:11     | Found a staircase to the Lair.
 13635 | Lair:1   | Entered Level 1 of the Lair of Beasts
 14938 | Lair:1   | Noticed a seven-headed hydra
 14948 | Lair:1   | Killed a seven-headed hydra
 14949 | Lair:1   | Noticed Gastronok
 15034 | Lair:1   | Killed Gastronok
 15034 | Lair:1   | Reached skill level 10 in Necromancy
 15308 | Lair:1   | Noticed a five-headed hydra
 15317 | Lair:1   | Killed a five-headed hydra
 15317 | Lair:1   | Reached **** piety under Kikubaaqudgha
 15907 | Lair:2   | Noticed a lindwurm
 15907 | Lair:2   | Found a dark tunnel.
 15920 | Lair:2   | Killed a lindwurm
 15959 | Volcano  | Entered a volcano
 15982 | Volcano  | Reached skill level 10 in Fighting
 16102 | Volcano  | Noticed a lindwurm
 16102 | Volcano  | Noticed a lindwurm
 16139 | Volcano  | Gained mutation: You have very sharp fingernails. [demonic ancestry]
 16139 | Volcano  | Reached XP level 12. HP: 76/97 MP: 23/23
 16996 | Lair:2   | Reached skill level 11 in Necromancy
 17445 | Lair:3   | Noticed a six-headed hydra
 18569 | Lair:3   | Noticed Sonja
 18586 | Lair:3   | Killed Sonja
 18866 | Lair:3   | Found a hole to the Spider Nest.
 18868 | Lair:3   | Got a brightly glowing helmet
 18879 | Lair:3   | Identified the +1 helmet of the Prince of Darkness {rC++ Slay+3 Stlth+} (You found it on level 3 of the Lair of Beasts)
 18913 | Lair:3   | Killed a six-headed hydra
 19074 | Lair:3   | Noticed Snorg
 19095 | Lair:3   | Killed Snorg
 19164 | Lair:3   | Found a staircase to the Swamp.
 19177 | Lair:3   | Reached skill level 12 in Necromancy
 20423 | Lair:4   | Learned a level 4 spell: Animate Dead
 20735 | Lair:4   | Noticed a death yak
 20776 | Lair:4   | Killed a death yak
 20776 | Lair:4   | Reached XP level 13. HP: 69/105 MP: 8/25
 21152 | Lair:4   | Reached ***** piety under Kikubaaqudgha
 21956 | Lair:4   | Found a shimmering altar of Xom.
 23665 | Lair:5   | Reached skill level 13 in Necromancy
 24016 | Lair:5   | Noticed Rupert
 24035 | Lair:5   | Killed Rupert
 24861 | Lair:4   | Reached skill level 10 in Polearms
 25627 | Lair:6   | Entered Level 6 of the Lair of Beasts
 26861 | Lair:6   | Found a viscous altar of Jiyva.
 26861 | Lair:6   | Found a staircase to the Slime Pits.
 27013 | Lair:6   | HP: 1/106 [spiny frog (15)]
 27014 | Lair:6   | Succumbed to a spiny frog's poison

Vault maps used:
D:1:      lemuel_arrival_tunnels
D:3:      first_ration, elyvilon_altar_3
D:4:      minmay_temple_entry_enclosed_plants, minmay_curled_crystal,
          uniq_sigmund, uniq_grinder
D:5:      nicolae_ossuary_entry_giza, grunt_decor_mini_mirrors
D:6:      nicolae_ru_awakened_eye
D:9:      okawaru_gym_becter, david_orc_1_choice
D:11:     grunt_lair_entry_orc_guard_hut
D:12:     lab_entry_generic, uniq_josephine
Temple:   nicolae_temple_the_god_donut
Lair:1:   serial_bayou_pond_d, grunt_megastairs_4, uniq_gastronok
Lair:2:   nicolae_volcano_entry_vermiform, minivault_26, st_stairs_10
Lair:3:   lemuel_reptile_caves, minmay_swamp_entry_swarm,
          spider_nest_entry_web_field, grunt_megastairs_2, uniq_sonja,
          uniq_snorg
Lair:4:   beast_lair_carwin_large_2, basic_altar, worms_lemuel,
          grunt_megastairs_1
Lair:5:   minmay_lair_oklob_chamber, uniq_rupert
Lair:6:   evilmike_catoblepas_cave, slime_altar_1, nicolae_quartered_pool_super
Ossuary:  ossuary_tomb_2
Volcano:  volcano_aerie

Skill      XL: |  1  2  3  4  5  6  7  8  9 10 11 12 13 |
---------------+----------------------------------------+-----
Fighting       | 1 2 3 4 5 6 7 9 10 11 | 11.4
Dodging        | 2 3 4 5 6 7 8 9 |  9.1
Polearms       | 1 2 3 5 6 7 8 9 10 | 10.2
Spellcasting   | 3 4 5 6 7 8 9 |  9.2
Necromancy     | 5 6 7 9 10 12 13 | 13.7
Stealth        | |  1.7

Action                   |  1- 3 |  4- 6 |  7- 9 | 10-12 | 13-15 || total
-------------------------+-------+-------+-------+-------+-------++-------
Melee: Whip              |    59 |       |       |       |       ||    59
       Unarmed           |     1 |       |       |       |       ||     1
       Spear             |    34 |    90 |   622 |   744 |   208 ||  1698
       Trident           |       |     6 |   138 |   455 |   288 ||   887
 Cast: Pain              |    37 |    53 |    53 |    46 |    10 ||   199
       Vampiric Draining |       |     2 |    31 |   127 |    63 ||   223
       Dispel Undead     |       |       |       |     1 |       ||     1
       Agony             |       |       |       |    15 |    22 ||    37
       Corpse Rot        |       |       |       |       |     4 ||     4
       Animate Dead      |       |       |       |       |     1 ||     1
Evoke: Wand              |       |       |       |    29 |     3 ||    32
  Use: Scroll            |       |    10 |    16 |    13 |     5 ||    44
       Potion            |       |     1 |     3 |    13 |     5 ||    22
 Stab: Sleeping          |     6 |       |       |     2 |     2 ||    10
       Invisible         |       |       |     4 |       |       ||     4
       Distracted        |       |       |     1 |     1 |       ||     2
       Petrified         |       |       |       |       |     1 ||     1
  Eat: Chunk             |     3 |     6 |    13 |    22 |    12 ||    56
       Ration            |       |     1 |     2 |     7 |     4 ||    14
Armor: Leather armour    |    33 |       |       |       |       ||    33
       Ring mail         |       |    28 |   362 |   202 |       ||   592
       Fire dragon scale |       |       |       |   221 |   177 ||   398
Dodge: Dodged            |   109 |    60 |   387 |   663 |   275 ||  1494

Table legend:
 A = Spawn XP
 B = Non-spawn XP
 C = Spawn XP percentage of total XP
 D = Spawn monster count
 E = Non-spawn monster count
 F = Spawn count percentage of total count
 G = Total turns spent on level
                    A         B        C        D         E        F      G
               +---------+---------+-------+---------+---------+-------+---------
         Total |       0 |   59214 |   0.0 |       0 |     480 |   0.0 | 27014
               +---------+---------+-------+---------+---------+-------+---------
           D:1 |       0 |      71 |   0.0 |       0 |      34 |   0.0 |  1551
           D:2 |       0 |      80 |   0.0 |       0 |      26 |   0.0 |   835
           D:3 |       0 |     172 |   0.0 |       0 |      21 |   0.0 |  1549
           D:4 |       0 |     961 |   0.0 |       0 |      23 |   0.0 |  1237
           D:5 |       0 |     531 |   0.0 |       0 |      24 |   0.0 |   712
           D:6 |       0 |    1464 |   0.0 |       0 |      32 |   0.0 |  1306
           D:7 |       0 |     812 |   0.0 |       0 |      20 |   0.0 |  1523
           D:8 |       0 |    2722 |   0.0 |       0 |      39 |   0.0 |  1167
           D:9 |       0 |    2187 |   0.0 |       0 |      27 |   0.0 |  1504
          D:10 |       0 |     601 |   0.0 |       0 |       7 |   0.0 |   163
          D:11 |       0 |     200 |   0.0 |       0 |       4 |   0.0 |   294
          D:12 |       0 |    1236 |   0.0 |       0 |       8 |   0.0 |   742
        Lair:1 |       0 |    8589 |   0.0 |       0 |      24 |   0.0 |  2048
        Lair:2 |       0 |    2746 |   0.0 |       0 |      11 |   0.0 |  1561
        Lair:3 |       0 |   12391 |   0.0 |       0 |      63 |   0.0 |  2762
        Lair:4 |       0 |    9099 |   0.0 |       0 |      46 |   0.0 |  3330
        Lair:5 |       0 |    6313 |   0.0 |       0 |      16 |   0.0 |  1944
        Lair:6 |       0 |    6518 |   0.0 |       0 |      22 |   0.0 |  1022
       Ossuary |       0 |     385 |   0.0 |       0 |      25 |   0.0 |  1027
       Volcano |       0 |    2136 |   0.0 |       0 |       8 |   0.0 |   712
               +---------+---------+-------+---------+---------+-------+---------
